 Dungeon Crawl Stone Soup version 0.30-a0-860-g512cf1e979 (webtiles) character file.

Game seed: 7850008299396365650

16098 FexLirch the Cleaver (level 12, -7/97 HPs)
             Began as a Human Wanderer on Mar 8, 2023.
             Was the Champion of Jiyva.
             Mangled by a manticore (11 damage)
             ... on level 13 of the Dungeon.
             The game lasted 00:35:34 (10466 turns).

FexLirch the Cleaver (Human Wanderer)              Turns: 10466, Time: 00:35:35

Health: -7/97      AC:  7    Str: 17    XL:     12   Next: 65%
Magic:  15/15      EV: 15    Int: 17    God:    Jiyva [******]
Gold:   165        SH:  0    Dex: 19    Spells: 13/16 levels left

rFire   + . .      SeeInvis +    E - +8 war axe "Yplozoyt" {vamp, rPois rC+ rN+ Str+2}
rCold   + . .      Faith    .    T - +1 buckler {AC+3}
rNeg    + + .      Spirit   .    V - +1 troll leather armour of Hospitality {rElec rF+ Will+ Regen+}
rPois   +          Reflect  .    (helmet unavailable)
rElec   +          Rampage  .    o - +0 cloak
rCorr   +                        (no gloves)
Will    +....                    (no boots)
Stlth   +                        n - amulet of the acrobat
HPRegen 2.76/turn                D - +6 ring of intelligence
MPRegen 0.64/turn                Z - ring of positive energy

@: confused, ambrosia-drunk, studying Fire Magic
A: horns 3, see invisible, agile 1, mutation resistance 1, pseudopods 3, sturdy
frame 1
a: Renounce Religion, Oozemancy, Slimify


You were on level 13 of the Dungeon.
You worshipped Jiyva.
Jiyva was exalted by your worship.
You visited 1 branch of the dungeon, and saw 13 of its levels.
You also visited: Sewer and Gauntlet.

You collected 667 gold pieces.
You spent 502 gold pieces at shops.

Inventory:

Hand Weapons
 u - a +0 broad axe of freezing
 E - the +8 war axe "Yplozoyt" (weapon) {vamp, rPois rC+ rN+ Str+2}
   (You bought it in a shop on level 3 of the Dungeon)

   Str:       It affects your strength (+2).
   rC:        It protects you from cold.
   rPois:     It protects you from poison.
   rN:        It protects you from negative energy.
 I - a +1 sling of freezing
 S - a +2 broad axe of pain
 X - the +8 Vampire's Tooth {megavamp}
   (You found it in a Gauntlet)
Missiles
 f - 120 stones (quivered)
 m - 3 boomerangs
 z - 5 silver javelins
 A - 8 poisoned darts
 B - 3 curare-tipped darts
 O - 2 atropa-tipped darts
Armour
 c - a +0 ring mail
 o - a +0 cloak (worn)
 y - a scarf of shadows
 H - an orb of guile
 N - a +0 chain mail
 T - a +1 buckler of protection (worn)
 U - a +4 scale mail of poison resistance
 V - the +1 troll leather armour of Hospitality (worn) {rElec rF+ Will+ Regen+}
   (You found it in a Gauntlet)

   rF:        It protects you from fire.
   rElec:     It insulates you from electricity.
   Regen:     It increases your rate of health regeneration.
   Will:      It increases your willpower.
 W - the +4 Cigotuvi's embrace {Corpsefed rMiasma Drain rN+}
   (You found it in a Gauntlet)

   Corpsefed: It gathers nearby corpses to temporarily increase the armour it
   provides.
   rMiasma:   It protects you from foul pestilence.
   rN:        It protects you from negative energy.
   Drain:     It drains your maximum health when unequipped.
 Y - a +0 hat of willpower
Magical Staves
 K - a staff of fire
 Q - a staff of conjuration
Jewellery
 n - an amulet of the acrobat (around neck)
 D - a +6 ring of intelligence (left hand)
 Z - a ring of positive energy (right hand)
Wands
 q - a wand of flame (10)
 P - a wand of iceblast (6)
Scrolls
 a - a scroll of fog {unknown}
 b - a scroll of acquirement {unknown}
 d - 2 scrolls of fear
 g - 3 scrolls of immolation {unknown}
 i - 2 scrolls of magic mapping
 k - a scroll of brand weapon
 p - 3 scrolls of noise
 r - a scroll of poison {unknown}
 s - 6 scrolls of teleportation
 v - a scroll of enchant weapon {unknown}
 G - a scroll of amnesia {unknown}
 L - 2 scrolls of blinking
 R - a scroll of vulnerability {unknown}
Potions
 e - 2 potions of lignification {unknown}
 h - 2 potions of ambrosia
 j - 5 potions of curing
 l - 3 potions of heal wounds {unknown}
 t - 3 potions of haste {unknown}
 w - 2 potions of flight
 x - a potion of berserk rage {unknown}
 C - 3 potions of mutation {unknown}
 F - 3 potions of degeneration {unknown}
 M - a potion of attraction {unknown}
Miscellaneous
 J - a phantom mirror (inert)


   Skills:
 + Level 9.7 Fighting
 - Level 2.0 Long Blades
 + Level 13.9 Axes
 - Level 3.0 Armour
 + Level 6.3 Dodging
 - Level 1.0 Stealth
 + Level 2.8 Shields
 - Level 2.5 Spellcasting
 + Level 6.3 Summonings
 + Level 3.0 Translocations


You had 13 spell levels left.
You knew the following spells:

 Your Spells              Type           Power      Damage    Failure   Level
a - Wereblood             Tmut           2%         N/A       36%         2
b - Beastly Appendage     Tmut           4%         N/A       26%         1

Your spell library contained the following spells:

 Spells                   Type           Power      Damage    Failure   Level
 Momentum Strike          Conj/Tloc      14%        3d8       21%         2
 Gell's Gravitas          Tloc           12%        N/A       22%         3
 Sandblast                Erth           4%         2d4       26%         1
 Passwall                 Tmut/Erth      1%         N/A       36%         2
 Portal Projectile        Hex/Tloc       14%        N/A       38%         3
 Dazzling Flash           Conj/Hex       4%         N/A       58%         3
 Spider Form              Tmut/Pois      2%         N/A       58%         3
 Stone Arrow              Conj/Erth      4%         3d7       58%         3
 Summon Forest            Summ/Tloc      9%         N/A       71%         5
 Summon Mana Viper        Hex/Summ       12%        N/A       88%         5
 Summon Cactus Giant      Summ           11%        N/A       95%         6
 Irradiate                Conj/Tmut      1%         3d12      100%        5
 Lehudib's Crystal Spear  Conj/Erth      1%         10d2      100%        8


Dungeon Overview and Level Annotations

Branches:
Dungeon (13/15)            Temple (0/1) D:6            Lair (0/5) D:9
    Orc (0/2) D:9           Sewer (visited)         Gauntlet (visited)
 Vaults: D:13-14

Altars:
Cheibriados
Dithmenos
Elyvilon
Hepliaklqana
Vehumet
Zin
Jiyva

Shops:
D:3 ?((=*   D:12 ?*


Innate Abilities, Weirdness & Mutations

You have a pair of large horns on your head.
You have supernaturally acute eyesight. (SInv)
You are agile. (Dex +4, Str/Int -1)
You are somewhat resistant to further mutation.
Armour fits poorly on your massive pseudopods.
Your movements are slightly less encumbered by armour. (ER -2)


Message History

The manticore barely misses you. The meliai hits you but does no damage.
The meliai barely misses you.
You hit the manticore but do no damage. You headbutt the manticore.
The manticore is lightly wounded.
You slash the meliai! You block the meliai's attack. The meliai stings you.
The manticore bites you! The manticore misses you.
You block the manticore's attack. The meliai barely misses you.
The meliai misses you.
You hit the manticore.
You feel better.
The manticore is lightly wounded.
You completely miss the meliai. The meliai misses you. x2
You hear a distant slurping noise.
The manticore bites you.
* * * LOW HITPOINT WARNING * * *
The manticore claws you but does no damage.
You block the manticore's attack.
You slice the manticore!!
You feel better.
You bludgeon the manticore, but do no damage.
The manticore is heavily wounded.
You slash the meliai!
You feel better.
The meliai mumbles some strange prayers to its god against you.
Something smites you! The meliai hits you with a +0 hand axe.
The meliai misses you. The manticore bites you!!
* * * LOW HITPOINT WARNING * * *
The manticore closely misses you. The manticore barely misses you.
You are confused.
You feel invigorated. The meliai closely misses you.
The meliai stings you but does no damage.
The meliai closely misses you. The meliai completely misses you.
The manticore misses you. The manticore closely misses you.
The manticore misses you.
You bump into the rock wall.
The meliai hits you with a +0 hand axe.
* * * LOW HITPOINT WARNING * * *
The meliai stings you but does no damage.
The meliai hits you but does no damage.
The meliai stings you but does no damage.
The manticore bites you!!
* * * LOW HITPOINT WARNING * * *
The manticore claws you!
You die...

...K.#.........##
.)....##..#../....#
......#...........#
..K........JH.....#
................###
..........#.##
..........####
........###..#
........#@)).#
........yH)..#
.#.........#.#
###.........#
#.........##
#.........#
#.........##
#........##
..##....##


You could see a manticore and a meliai.

Vanquished Creatures
  A centaur warrior (D:13)
  A two-headed ogre (D:10)
  Nergalle (D:10)
  A sixfirhy (Gauntlet)
  The ghost of Pokonic1 the Protected, a novice GrFi (D:5)
  Maurice (D:13)
  2 cyclopes
  3 gargoyles
  2 kobold demonologists (D:13)
  2 unseen horrors (D:11)
  A queen bee (Gauntlet)
  3 trolls
  2 meliai (D:13)
  3 shadows
  Sigmund (D:6)
  A vampire (D:10)
  10 yaks
  4 wraiths
  A wyvern (D:9)
  4 vampire mosquitoes
  An acid dragon (D:9)
  4 water moccasins
  9 orc warriors
  2 ice beasts
  3 centaurs
  An ogre (D:7)
  A phantom (D:6)
  6 kobold brigands
  A bullfrog (D:6)
  3 scorpions
  5 killer bees (Gauntlet)
  A howler monkey (D:8)
  2 lava snakes (D:7)
  3 hounds
  13 orc priests
  14 orc wizards
  4 iguanas
  A sleepcap (D:5)
  Natasha (D:2)
  A hell rat (Sewer)
  The ghost of whalkxicab the Slasher, a weakling MiBe of Trog (D:3)
  9 adders
  12 gnolls
  3 river rats (Sewer)
  A shadow imp (D:6)
  6 ufetubi
  4 worms
  A dart slug (D:1)
  49 orcs
  5 bats
  An endoplasm (D:1)
  A giant cockroach (D:1)
  5 goblins
  5 hobgoblins
  7 jackals
  4 quokkas
  10 ball pythons
  33 kobolds
  11 rats
289 creatures vanquished.

Vanquished Creatures (collateral kills)
  A minotaur (Gauntlet)
  A two-headed ogre (D:11)
2 creatures vanquished.

Vanquished Creatures (others)
  Erica (D:9)
  An ugly thing (Gauntlet)
  A slime creature (D:13)
  4 centaurs
  A phantom (D:7)
  A scorpion (D:6)
  13 jellies
  An orc priest (D:6)
  An iguana (D:5)
  Natasha (D:2)
  3 gnolls (D:3)
  3 adders
  A dart slug (D:1)
  9 orcs
  2 hobgoblins
  2 jackals (D:4)
  7 kobolds (D:3)
  13 fungi
  2 plants (D:1)
  3 toadstools (D:3)
70 creatures vanquished.

Grand Total: 361 creatures vanquished

Notes
Turn   | Place    | Note
-------+----------+-------------------------------------------
     0 | D:1      | FexLirch the Human Wanderer began the quest for the Orb.
     0 | D:1      | FexLirch set off with the following items: a +2 hand axe, a
                  | +0 falchion, a +0 ring mail, a scroll of fear.
     0 | D:1      | Reached XP level 1. HP: 15/15 MP: 2/2
    95 | D:1      | Reached XP level 2. HP: 11/21 MP: 2/4
   299 | D:1      | Reached XP level 3. HP: 23/27 MP: 5/5
   399 | D:1      | Found a faded altar of an unknown god.
   415 | D:1      | Prayed at the altar of an unknown god.
   415 | D:1      | Became a worshipper of Jiyva Jeuxuocw the Shapeless
   415 | D:1      | Reached * piety under Jiyva
   842 | D:2      | Reached XP level 4. HP: 32/34 MP: 7/7
   845 | D:2      | Reached ** piety under Jiyva
   914 | D:2      | You fall into a shaft and drop 2 floors!
   955 | D:5      | Entered Level 5 of the Dungeon
   980 | D:3      | Found Jyerchoa's Weapon Shop.
   984 | D:3      | Found Emnut's Weapon Shoppe.
  1042 | D:3      | Found Les Qese's Jewellery Boutique.
  1048 | D:3      | Found Qugergh's Assorted Antiques.
  1176 | D:3      | Reached *** piety under Jiyva
  1190 | D:3      | Reached XP level 5. HP: 41/41 MP: 8/8
  1285 | D:3      | Found a runed translucent gate.
  1285 | D:3      | Found a runed translucent gate.
  1286 | D:3      | Found a runed translucent gate.
  1289 | D:3      | Noticed whalkxicab's ghost (weakling MiBe)
  1296 | D:3      | Learned a level 2 spell: Wereblood
  1325 | D:3      | Gained mutation: Your system is resistant to poisons.
                  | (rPois) [Jiyva's grace]
  1325 | D:3      | Gained mutation: You have a small jelly attached to you
                  | that senses nearby items. [Jiyva's grace]
  1325 | D:3      | Gained mutation: Your muscles are strong. (Str +4, Int/Dex
                  | -1) [Jiyva's grace]
  1325 | D:3      | Gained mutation: Your muscles are very strong. (Str +8,
                  | Int/Dex -2) [Jiyva's grace]
  1339 | D:3      | Found a glowing drain.
  1373 | Sewer    | Entered a sewer
  1537 | D:3      | Found a shadowy altar of Dithmenos.
  1673 | D:3      | Noticed a kobold brigand
  1690 | D:3      | Killed a kobold brigand
  1691 | D:3      | Reached skill level 5 in Fighting
  1691 | D:3      | Reached XP level 6. HP: 35/51 MP: 9/9
  1856 | D:3      | Reached XP level 7. HP: 27/58 MP: 10/10
  2084 | D:3      | Found Ihea's Magic Scroll Shop.
  2204 | D:2      | Reached **** piety under Jiyva
  2652 | D:3      | Bought an ebony war axe for 187 gold pieces
  2652 | D:3      | Identified the +8 war axe "Yplozoyt" {vamp, rPois rC+ rN+
                  | Str+2} (You bought it in a shop on level 3 of the Dungeon)
  2822 | D:4      | Reached skill level 3 in Axes
  2851 | D:4      | Reached ***** piety under Jiyva
  3088 | D:4      | Lost mutation: Your muscles are very strong. (Str +8,
                  | Int/Dex -2) [Jiyva's grace]
  3088 | D:4      | Lost mutation: You have a small jelly attached to you that
                  | senses nearby items. [Jiyva's grace]
  3088 | D:4      | Gained mutation: Your mind is acute. (Int +4, Str/Dex -1)
                  | [Jiyva's grace]
  3088 | D:4      | Gained mutation: Your mind is very acute. (Int +8, Str/Dex
                  | -2) [Jiyva's grace]
  3088 | D:4      | Gained mutation: Your movements are slightly less
                  | encumbered by armour. (ER -2) [Jiyva's grace]
  3088 | D:4      | Gained mutation: Your movements are less encumbered by
                  | armour. (ER -4) [Jiyva's grace]
  3118 | D:5      | Reached XP level 8. HP: 59/67 MP: 11/11
  3218 | D:5      | Reached skill level 4 in Axes
  3456 | D:5      | Found a runed translucent door.
  3456 | D:5      | Noticed Pokonic1's ghost (novice GrFi)
  3827 | D:5      | Reached skill level 5 in Axes
  4082 | D:5      | Killed Pokonic1's ghost
  4083 | D:5      | Reached skill level 6 in Axes
  4252 | D:2      | Noticed Natasha
  4256 | D:2      | Killed Natasha
  4263 | D:2      | Killed Natasha
  4391 | D:3      | Killed whalkxicab's ghost
  4715 | D:6      | Reached skill level 7 in Axes
  4725 | D:6      | Reached XP level 9. HP: 67/72 MP: 12/12
  4790 | D:6      | Reached skill level 8 in Axes
  4797 | D:6      | Reached skill level 9 in Axes
  4849 | D:6      | Learned a level 1 spell: Beastly Appendage
  4919 | D:6      | Lost mutation: Your mind is very acute. (Int +8, Str/Dex
                  | -2) [Jiyva's grace]
  4919 | D:6      | Lost mutation: Your muscles are strong. (Str +4, Int/Dex
                  | -1) [Jiyva's grace]
  4919 | D:6      | Gained mutation: You are agile. (Dex +4, Str/Int -1)
                  | [Jiyva's grace]
  4919 | D:6      | Gained mutation: You are very agile. (Dex +8, Str/Int -2)
                  | [Jiyva's grace]
  4919 | D:6      | Gained mutation: Your rubbery body absorbs attacks. (AC +1,
                  | EV +1) [Jiyva's grace]
  4919 | D:6      | Gained mutation: Your pliable body absorbs attacks. (AC +2,
                  | EV +2) [Jiyva's grace]
  4922 | D:6      | Noticed Sigmund
  4935 | D:6      | Killed Sigmund
  4964 | D:6      | Found a staircase to the Ecumenical Temple.
  4971 | D:6      | Reached ****** piety under Jiyva
  5403 | D:6      | Reached skill level 10 in Axes
  5693 | D:7      | Found a white marble altar of Elyvilon.
  6021 | D:7      | Found a hazy altar of Hepliaklqana.
  6025 | D:7      | Lost mutation: Your mind is acute. (Int +4, Str/Dex -1)
                  | [Jiyva's grace]
  6025 | D:7      | Lost mutation: Your system is resistant to poisons. (rPois)
                  | [Jiyva's grace]
  6025 | D:7      | Lost mutation: Your pliable body absorbs attacks. (AC +2,
                  | EV +2) [Jiyva's grace]
  6025 | D:7      | Lost mutation: Your movements are less encumbered by
                  | armour. (ER -4) [Jiyva's grace]
  6025 | D:7      | Gained mutation: You are somewhat resistant to further
                  | mutation. [Jiyva's grace]
  6025 | D:7      | Gained mutation: You are somewhat resistant to both further
                  | mutation and mutation removal. [Jiyva's grace]
  6025 | D:7      | Gained mutation: You are almost entirely resistant to
                  | further mutation and mutation removal. [Jiyva's grace]
  6025 | D:7      | Gained mutation: You have a pair of small horns on your
                  | head. [Jiyva's grace]
  6069 | D:7      | Found a snail-covered altar of Cheibriados.
  6305 | D:8      | Reached XP level 10. HP: 79/79 MP: 13/13
  6398 | D:8      | Reached skill level 11 in Axes
  6610 | D:8      | Reached skill level 12 in Axes
  6800 | D:8      | Found a radiant altar of Vehumet.
  7133 | D:9      | Reached skill level 1 in Dodging
  7133 | D:9      | Reached skill level 1 in Summonings
  7149 | D:9      | Found a staircase to the Orcish Mines.
  7198 | D:9      | Found a staircase to the Lair.
  7216 | D:9      | Noticed Erica
  7285 | D:9      | Killed Erica
  7609 | D:10     | Entered Level 10 of the Dungeon
  7722 | D:10     | Reached XP level 11. HP: 85/85 MP: 14/14
  7728 | D:10     | Noticed a two-headed ogre
  7735 | D:10     | Killed a two-headed ogre
  7833 | D:10     | Noticed Nergalle
  7847 | D:10     | Killed Nergalle
  7848 | D:10     | Reached skill level 13 in Axes
  7934 | D:10     | Lost mutation: You are very agile. (Dex +8, Str/Int -2)
                  | [Jiyva's grace]
  7934 | D:10     | Lost mutation: You are almost entirely resistant to further
                  | mutation and mutation removal. [Jiyva's grace]
  7934 | D:10     | Lost mutation: You are somewhat resistant to both further
                  | mutation and mutation removal. [Jiyva's grace]
  7934 | D:10     | Gained mutation: You are covered in slimy tendrils that may
                  | disarm your opponents. [Jiyva's grace]
  7934 | D:10     | Gained mutation: You have a pair of horns on your head.
                  | [Jiyva's grace]
  7934 | D:10     | Gained mutation: You have a pair of large horns on your
                  | head. [Jiyva's grace]
  7934 | D:10     | Gained mutation: You expend magic power (3 MP) to
                  | strengthen your wands. [Jiyva's grace]
  8375 | D:10     | Found a glowing silver altar of Zin.
  8814 | D:11     | Noticed a two-headed ogre
  8819 | D:11     | Killed a two-headed ogre
  8843 | D:11     | Found a radiant altar of Vehumet.
  9092 | D:12     | Found Jofoe's Magic Scroll Shop.
  9106 | D:12     | Bought a scroll of blinking for 90 gold pieces
  9154 | D:12     | Lost mutation: Your rubbery body absorbs attacks. (AC +1,
                  | EV +1) [Jiyva's grace]
  9154 | D:12     | Lost mutation: You are covered in slimy tendrils that may
                  | disarm your opponents. [Jiyva's grace]
  9154 | D:12     | Lost mutation: You expend magic power (3 MP) to strengthen
                  | your wands. [Jiyva's grace]
  9154 | D:12     | Gained mutation: Armour fits poorly on your pseudopods.
                  | [Jiyva's grace]
  9154 | D:12     | Gained mutation: Armour fits poorly on your large
                  | pseudopods. [Jiyva's grace]
  9154 | D:12     | Gained mutation: Armour fits poorly on your massive
                  | pseudopods. [Jiyva's grace]
  9154 | D:12     | Gained mutation: You have supernaturally acute eyesight.
                  | (SInv) [Jiyva's grace]
  9289 | D:12     | Found a gate leading to a gauntlet.
  9292 | D:12     | Found Opun's General Store.
  9300 | D:12     | Bought 2 scrolls of blinking for 225 gold pieces
  9303 | Gauntlet | Entered a Gauntlet
  9303 | Gauntlet | Noticed a sixfirhy
  9303 | Gauntlet | Found a transporter.
  9303 | Gauntlet | Found a runed translucent door.
  9303 | Gauntlet | Found a transporter.
  9303 | Gauntlet | Found a runed translucent door.
  9313 | Gauntlet | Found a transporter.
  9316 | Gauntlet | Found a transporter.
  9324 | Gauntlet | Found a transporter.
  9327 | Gauntlet | Found a transporter.
  9329 | Gauntlet | Noticed a quicksilver ooze
  9335 | Gauntlet | Found a transporter.
  9340 | Gauntlet | Killed a purple ugly thing
  9371 | Gauntlet | Noticed a catoblepas
  9394 | Gauntlet | Found a transporter.
  9396 | Gauntlet | Found a transporter.
  9406 | Gauntlet | Found a transporter.
  9407 | Gauntlet | Found a transporter.
  9409 | Gauntlet | Noticed a brown ugly thing
  9417 | Gauntlet | Found a transporter.
  9454 | Gauntlet | Noticed a great orb of eyes
  9538 | Gauntlet | Killed a sixfirhy
  9539 | Gauntlet | Reached skill level 5 in Dodging
  9539 | Gauntlet | Reached skill level 5 in Summonings
  9636 | Gauntlet | Found the +8 Vampire's Tooth {megavamp}
  9636 | Gauntlet | Found the +4 Cigotuvi's embrace {Corpsefed rMiasma Drain
                  | rN+}
  9636 | Gauntlet | Noticed a minotaur
  9641 | Gauntlet | Killed a minotaur
  9642 | Gauntlet | Reached XP level 12. HP: 89/95 MP: 15/15
  9647 | Gauntlet | Identified the +1 troll leather armour of Hospitality
                  | {rElec rF+ Will+ Regen+}
  9651 | Gauntlet | Got the Incunable of the Tesseract
  9654 | Gauntlet | Got the Directory of Hurting
 10011 | D:12     | Reached skill level 1 in Shields
 10011 | D:12     | Reached skill level 1 in Translocations
 10349 | D:13     | Noticed a centaur warrior
 10353 | D:13     | Killed a centaur warrior
 10360 | D:13     | Noticed a boulder beetle
 10382 | D:13     | Noticed a two-headed ogre
 10385 | D:13     | Noticed a six-headed hydra
 10388 | D:13     | Noticed Maurice
 10423 | D:13     | Killed Maurice
 10441 | D:13     | Noticed a boulder beetle
 10448 | D:13     | Slimified a boulder beetle
 10448 | D:13     | a boulder beetle changed into a slime creature
 10466 | D:13     | HP: 4/97 [manticore (21)]
 10466 | D:13     | Mangled by a manticore

Illustrated notes

Levels and vault maps discovered:
D:1:      eino_arrival_water_cross, layout_loops_ring,
          dreamdust_ecumenical_altar_hidden_monk_grotto
D:2:      layout_basic, uniq_natasha
D:3:      minmay_goblin_kobold_castle, layout_rooms,
          lemuel_coloured_pillars_altar, serial_shops, nicolae_shop_trees, shop,
          shop_fountains, nicolae_shop_bloodbath_and_beyond, shop_coins,
          cheibrodos_sewer_entry_bend, ebering_ghost_rock_garden,
          minmay_gold_behind_fungi
D:4:      layout_cave_pools, grunt_decor_mini_mirrors
D:5:      layout_loops_corners, serial_glass, glass_columns_b, glass_columns_b,
          gammafunk_ghost_grave
D:6:      layout_gridville, minmay_temple_entry_junction, uniq_sigmund
D:7:      layout_basic, mainiacjoe_overflow_catch_the_wave,
          mainiacjoe_overflow_24_doors
D:8:      layout_loops_cross, nicolae_overflow_crystal_walls,
          kennysheep_generic_room_10
D:9:      layout_long_grid, lair_entry_dummy, hiddenorc1_lemuel, uniq_erica
D:10:     layout_stronghold, mainiacjoe_overflow_alcove_4, uniq_nergalle
D:11:     layout_basic, nrook_mini_vaults, nicolae_vehumet_radiance
D:12:     layout_grid_maze, gauntlet_entry_generic, serial_shops, shop,
          nicolae_stop_n_shop_1, hangedman_abyss_or_decor_jellyfish_corner
D:13:     layout_cave_pools, nzn_ghost_randoct, minmay_alternating_orb,
          uniq_maurice

Skill      XL: |  1  2  3  4  5  6  7  8  9 10 11 12 |
---------------+-------------------------------------+-----
Fighting       | 2 3 5 6 7 9 |  9.7
Spellcasting   | 2 |  2.5
Axes           | 3 7 10 12 13 | 13.9
Dodging        | 2 5 6 |  6.3
Summonings     | 2 5 6 |  6.3
Shields        | 2 |  2.8
Translocations | 3 |  3.0
Long Blades    | |  2.0
Armour         | |  3.0
Stealth        | |  1.0

Action                     |  1- 3 |  4- 6 |  7- 9 | 10-12 || total
---------------------------+-------+-------+-------+-------++-------
  Melee: Hand axe          |    82 |   163 |    68 |       ||   313
         Punch             |     1 |     3 |     1 |     4 ||     9
         Falchion          |       |    47 |       |       ||    47
         War axe           |       |       |   190 |   363 ||   553
         Headbutt          |       |       |       |    87 ||    87
         Kick              |       |       |       |     5 ||     5
         Pseudopods        |       |       |       |    38 ||    38
   Cast: Wereblood         |       |       |     1 |     4 ||     5
         Beastly Appendage |       |       |       |     2 ||     2
 Invoke: Oozemancy         |       |       |       |     1 ||     1
         Slimify           |       |       |       |     1 ||     1
  Evoke: Wand              |       |     8 |     2 |     1 ||    11
         Phantom mirror    |       |       |       |     1 ||     1
    Use: Scroll            |       |     2 |     2 |     7 ||    11
         Potion            |       |       |       |     3 ||     3
   Stab: Sleeping          |       |       |     4 |       ||     4
         Distracted        |       |       |     1 |       ||     1
 Armour: Ring mail         |    36 |    80 |    79 |    40 ||   235
         Chain mail        |       |       |       |    12 ||    12
         Troll leather arm |       |       |       |    20 ||    20
  Dodge: Dodged            |    48 |   136 |   176 |   291 ||   651
  Block: Buckler           |       |       |       |    30 ||    30

Table legend: (Time is in decaauts)
 A = Elapsed time spent in this place.
 B = Non-inter-level travel time spent in this place.
 C = Inter-level travel time spent in this place.
 D = Time resting spent in this place.
 E = Time spent auto-exploring this place.
 F = Levels seen in this place.
 G = Mean time per level.
                   A        B        C        D        E       F      G
               +--------+--------+--------+--------+--------+-----+--------+
         Total |  10559 |   9920 |    639 |     43 |   6837 |  15 |  703.9 |
       Dungeon |  10100 |   9461 |    639 |      2 |   6728 |  13 |  776.9 |
         Sewer |     89 |     89 |      0 |      0 |      0 |   1 |   89.0 |
      Gauntlet |    368 |    368 |      0 |     41 |    109 |   1 |  368.0 |
               +--------+--------+--------+--------+--------+-----+--------+

Top non-repeatable levels by time:
     D:3: 1481 daAuts
     D:5: 1044 daAuts
    D:10: 919 daAuts
     D:6: 905 daAuts
    D:12: 863 daAuts
     D:2: 846 daAuts
     D:1: 788 daAuts
     D:8: 677 daAuts
     D:7: 675 daAuts
     D:9: 664 daAuts
     D:4: 561 daAuts
    D:11: 545 daAuts
Gauntlet: 368 daAuts
    D:13: 127 daAuts
   Sewer: 89 daAuts
